 Dungeon Crawl Stone Soup version 0.25-a0-1073-gf4359a17dd (webtiles) character file.

Game seed: 8388287519827589072, levelgen mode: deterministic

9949 Gwenloh the Cleaver (level 11, -1/99 (100) HPs)
             Began as a Hill Orc Fighter on May 14, 2020.
             Was a Priest of Qazlal.
             Slain by a freezing wraith (21 damage)
             ... led by a death knight
             ... on level 10 of the Dungeon.
             The game lasted 00:52:08 (12398 turns).

Gwenloh the Cleaver (Hill Orc Fighter)             Turns: 12398, Time: 00:52:12

HP:   -1/99 (100)   AC: 15    Str: 20    XL:     11   Next: 54%
MP:   3/17          EV:  9    Int:  8    God:    Qazlal [***...]
Gold: 328           SH: 15    Dex: 13    Spells: 10/10 levels left

rFire    . . .     SeeInvis .   a - +4 hand axe (venom)
rCold    . . .     Gourm    .   c - +0 kite shield
rNeg     . . .     Faith    +   K - +0 swamp dragon scales
rPois    +         Spirit   .   v - +2 hat
rElec    .         Reflect  .   s - +1 cloak {Stlth+}
rCorr    .         Harm     .   (no gloves)
MR       +....                  L - +0 pair of boots
Stlth    +.........             y - amulet of faith
HPRegen  0.26/turn              A - ring of protection from magic
MPRegen  0.15/turn              p - +4 ring of slaying

@: mighty, slowed, very slow
A: no striking features
a: Upheaval, Elemental Force, Renounce Religion


You were on level 10 of the Dungeon.
You worshipped Qazlal.
Qazlal was most pleased with you.
You were not hungry.

You visited 1 branch of the dungeon, and saw 11 of its levels.

You collected 366 gold pieces.
You spent 28 gold pieces at shops.
You donated 10 gold pieces to Zin.

Inventory:

Hand Weapons
 a - a +4 hand axe of venom (weapon)
 b - a +0 hunting sling
 P - a +1 trident of flaming
Missiles
 h - 380 stones
 l - 65 sling bullets
 Q - 5 boomerangs (quivered)
Armour
 c - a +0 kite shield (worn)
 e - a +0 plate armour
 s - a +1 cloak of stealth (worn)
 v - a +2 hat (worn)
 K - +0 swamp dragon scales (worn)
 L - a +0 pair of boots (worn)
 M - the -1 helmet "Ziamauw" {*Drain rElec Stlth+}
   (You found it on level 9 of the Dungeon)

   It insulates you from electricity.
   It causes draining when unequipped.
   It makes you more stealthy.
Magical Staves
 N - an uncursed staff of wizardry {unknown}
Jewellery
 g - an uncursed ring of fire
 o - an uncursed ring of wizardry
 p - a +4 ring of slaying (right hand)
 w - an uncursed ring of see invisible
 y - an amulet of faith (around neck)
 A - a ring of protection from magic (left hand)
Wands
 i - a wand of polymorph (6)
 t - a wand of acid (4)
 x - a wand of enslavement (10)
 z - a wand of disintegration (8)
Scrolls
 j - 10 scrolls of teleportation
 B - a scroll of remove curse
 C - 3 scrolls of amnesia
 G - 2 scrolls of magic mapping
 H - a scroll of vulnerability
 I - 3 scrolls of silence
 J - a scroll of fog {unknown}
 O - a scroll of blinking {unknown}
Potions
 d - 2 potions of might
 k - a potion of invisibility {unknown}
 m - a potion of ambrosia {unknown}
 n - a potion of heal wounds {unknown}
 q - a potion of mutation {unknown}
 r - 2 potions of stabbing
 u - 3 potions of lignification {unknown}
 D - a potion of magic {unknown}
 E - a potion of brilliance {unknown}
 F - 2 potions of berserk rage
Comestibles
 f - 16 rations
 R - 16 chunks of flesh


   Skills:
 + Level 10.2 Fighting
 + Level 11.9 Axes
 + Level 9.4 Armour
 + Level 9.4 Shields
 + Level 8.7 Invocations


You had 10 spell levels left.
You didn't know any spells.
Your spell library contained the following spells:

 Spells                   Type           Power        Failure   Level  Hunger
 Bolt of Magma            Conj/Fire/Erth #.........   100%        5    ######.
 Iskenderun's Battlesphe  Conj/Chrm      #.......     100%        5    ######.
 Iron Shot                Conj/Erth      #.........   100%        6    #######
 Orb of Destruction       Conj           #.........   100%        7    #######
 Spellforged Servitor     Conj/Summ      #.........   100%        7    #######


Dungeon Overview and Level Annotations

Branches:
Dungeon (11/15)            Temple (0/1) D:7
   Lair: D:8-11         Orc: D:9-12

Altars:
Ashenzari
Dithmenos
Gozag
Hepliaklqana
Makhleb
Qazlal
Sif Muna
Uskayaw
Vehumet
Xom
Yredelemnul
Zin
The Shining One

Shops:
D:7 :   D:8 %   D:9 *

Annotations:
D:5 3 runed translucent doors, MisterFreud's ghost, novice OpGl
D:8 1 runed translucent door, Prakerore's ghost, novice VSEn


Message History

You slash the freezing wraith!
The freezing wraith is moderately damaged.
The freezing wraith misses you. The freezing wraith barely misses you.
You closely miss the freezing wraith.
The freezing wraith is moderately damaged.
You block the freezing wraith's attack. x2
You slash the freezing wraith!
The freezing wraith is heavily damaged.
You block the freezing wraith's attack. The freezing wraith hits you.
* * * LOW HITPOINT WARNING * * *
The freezing wraith drains your vigour!
You feel yourself slow down.
You hit the freezing wraith but do no damage.
The freezing wraith is heavily damaged.
The freezing wraith hits you but does no damage. x2
Your shield and swamp dragon scales prevent you from hitting the freezing wraith.
The freezing wraith is heavily damaged.
The freezing wraith hits you.
* * * LOW HITPOINT WARNING * * *
The freezing wraith freezes you!!
You die...

#.#.......#.######'#############.
#...#######.#....................
#...#.......#...#################
#...#########....................
#.#..........###############'####
#.#.....#..#.# #................#
#............###'################
#........###...☼......# #.....
#.....##.'.#.#.W@..#..# #.##..
#.#...##.#.#.#........# #.##..
#........#.#..........######.....
#......###.######..........####..
#.#....#...##...#.#..#..#..# #.#
#.#....#.######.#..........# #..
#<#.####.#....#.###..>.....# #..
#...#.##.#.##.'...+.##..#..# #..
#...#.####....#####..[.....# ###


You could see a freezing wraith.

Vanquished Creatures
  A death knight (D:11)
  A cyclops (D:8)
  A centaur zombie (D:8)
  Maggie (D:9)
  A gargoyle (D:9)
  A freezing wraith (D:10)
  A troll (D:10)
  A hippogriff (D:8)
  2 wyverns
  Eustachio (D:4)
  3 yaks (D:9)
  A steam dragon (D:11)
  3 orc warriors
  3 sky beasts
  2 ice beasts
  A black bear (D:6)
  2 eyes of draining
  A necrophage (D:10)
  A phantom (D:10)
  9 centaurs
  7 ogres
  A big kobold (D:6)
  A crocodile (D:10)
  7 bullfrogs
  7 scorpions
  15 killer bees
  13 wights
  12 crimson imps
  A howler monkey (D:5)
  A quasit (D:9)
  4 hounds
  4 orc priests
  2 jellies
  An iguana (D:9)
  Ijyb (D:4)
  3 bullfrog skeletons
  9 orc wizards
  3 worker ants
  A howler monkey zombie (D:7)
  A worker ant zombie (D:7)
  10 gnolls
  2 howler monkey skeletons
  12 adders
  4 shadow imps
  5 worms
  4 dart slugs
  6 leopard geckos
  39 orcs
  5 bats
  8 giant cockroaches
  7 goblins
  A hobgoblin (D:2)
  11 jackals
  5 quokkas
  A ball python (D:7)
  3 frilled lizards
  5 kobolds
  A leopard gecko skeleton (D:5)
  2 quokka skeletons
  3 rats
265 creatures vanquished.

Vanquished Creatures (collateral kills)
  An ugly thing (D:10)
1 creature vanquished.

Vanquished Creatures (others)
  4 plants (D:5)
4 creatures vanquished.

Grand Total: 270 creatures vanquished

Notes
Turn   | Place    | Note
-------+----------+-------------------------------------------
     0 | D:1      | Gwenloh the Hill Orc Fighter began the quest for the Orb.
     0 | D:1      | Reached XP level 1. HP: 19/19 MP: 1/1
    56 | D:1      | Reached skill level 3 in Axes
    56 | D:1      | Reached XP level 2. HP: 27/27 MP: 2/2
  1275 | D:2      | Reached XP level 3. HP: 33/33 MP: 3/3
  1949 | D:3      | You fall into a shaft and drop 3 floors!
  1949 | D:6      | Noticed a black bear
  1949 | D:6      | Noticed a big kobold
  1955 | D:5      | Entered Level 5 of the Dungeon
  1955 | D:5      | Noticed an ogre
  1960 | D:5      | Reached skill level 4 in Axes
  1960 | D:5      | Reached XP level 4. HP: 33/40 MP: 4/4
  1974 | D:5      | Killed an ogre
  1974 | D:5      | Reached XP level 5. HP: 17/47 MP: 5/5
  2193 | D:5      | Noticed a centaur
  2205 | D:5      | Reached skill level 5 in Axes
  2207 | D:5      | Killed a centaur
  2207 | D:5      | Reached XP level 6. HP: 8/55 MP: 6/6
  2474 | D:5      | Reached skill level 5 in Fighting
  2474 | D:5      | Reached skill level 6 in Axes
  2863 | D:4      | Noticed an angel
  2880 | D:4      | Found a glowing silver altar of Zin.
  2884 | D:4      | Found a shimmering altar of Xom.
  2908 | D:4      | Became a worshipper of Zin the Law-Giver
  3062 | D:3      | Found a shadowy altar of Dithmenos.
  3333 | D:3      | Reached XP level 7. HP: 61/61 MP: 7/7
  4140 | D:4      | Noticed a +0 hand axe
  4140 | D:4      | Noticed a +0 hand axe
  4155 | D:4      | Reached skill level 5 in Armour
  4156 | D:4      | Reached * piety under Zin
  4157 | D:4      | Found a hide-covered altar of Uskayaw.
  4270 | D:4      | Noticed Ijyb
  4278 | D:4      | Killed Ijyb
  4436 | D:4      | Reached skill level 5 in Shields
  4442 | D:4      | Reached skill level 7 in Axes
  4484 | D:4      | Noticed Eustachio
  4489 | D:4      | Killed Eustachio
  4566 | D:4      | Reached XP level 8. HP: 45/70 MP: 8/8
  5043 | D:5      | Found a stormy altar of Qazlal.
  5052 | D:5      | Fell from the grace of Zin
  5052 | D:5      | Became a worshipper of Qazlal Stormbringer
  5059 | D:5      | Found a runed translucent gate.
  5059 | D:5      | Found a runed translucent gate.
  5059 | D:5      | Found a runed translucent gate.
  5061 | D:5      | Noticed MisterFreud's ghost (novice OpGl)
  5098 | D:5      | Found an opulent altar of Gozag.
  5107 | D:5      | Got a bloodstained robe
  5118 | D:5      | Identified the +4 robe of Miups {rN+} (You found it on
                  | level 5 of the Dungeon)
  5208 | D:5      | Reached skill level 8 in Axes
  5959 | D:6      | Reached skill level 1 in Invocations
  5967 | D:6      | Reached * piety under Qazlal
  5979 | D:6      | Reached skill level 9 in Axes
  5979 | D:6      | Reached XP level 9. HP: 36/78 MP: 9/11
  6571 | D:6      | Reached ** piety under Qazlal
  6669 | D:6      | Found a radiant altar of Vehumet.
  6923 | D:6      | Found a hazy altar of Hepliaklqana.
  7223 | D:6      | Reached skill level 5 in Invocations
  7225 | D:6      | Reached skill level 10 in Axes
  7365 | D:7      | Reached XP level 10. HP: 74/88 MP: 14/14
  7534 | D:7      | Found Zacashrog's Book Shop.
  7632 | D:7      | Found a shimmering blue altar of Sif Muna.
  7671 | D:7      | Found a staircase to the Ecumenical Temple.
  7940 | D:7      | Reached *** piety under Qazlal
  8037 | D:7      | Found a glowing golden altar of the Shining One.
  8191 | D:8      | Found a basalt altar of Yredelemnul.
  8323 | D:8      | Got a smoking robe
  8338 | D:7      | Identified the +1 robe of the Constellations {+Fly rElec
                  | rN+ Str-4} (You found it on level 8 of the Dungeon)
  8508 | D:8      | Noticed a cyclops
  8521 | D:8      | Killed a cyclops
  8709 | D:8      | Found a runed translucent door.
  8709 | D:8      | Noticed Prakerore's ghost (novice VSEn)
  8802 | D:8      | Found Onacagil's Food Emporium.
  8870 | D:8      | Found a burning altar of Makhleb.
  8909 | D:8      | Found a shattered altar of Ashenzari.
  9111 | D:9      | Noticed Maggie
  9128 | D:9      | Killed Maggie
  9128 | D:9      | Reached skill level 11 in Axes
  9477 | D:9      | Found an opulent altar of Gozag.
  9509 | D:9      | Found Ewef's General Store.
  9544 | D:9      | Bought a scroll of identify for 28 gold pieces
  9837 | D:9      | Noticed a gargoyle
  9860 | D:9      | Killed a gargoyle
  9860 | D:9      | Reached XP level 11. HP: 68/97 MP: 16/16
 10046 | D:9      | Got a polished helmet
 10057 | D:9      | Identified the cursed -1 helmet "Ziamauw" {*Drain rElec
                  | Stlth+} (You found it on level 9 of the Dungeon)
 10784 | D:10     | Entered Level 10 of the Dungeon
 10865 | D:10     | Reached **** piety under Qazlal
 11897 | D:11     | Noticed a brown ugly thing
 11897 | D:11     | Noticed a death knight
 11907 | D:10     | Reached skill level 10 in Fighting
 11923 | D:10     | HP: 1/98 [acid (6)]
 11925 | D:10     | Killed a brown ugly thing
 12379 | D:11     | Killed a death knight
 12398 | D:10     | Slain by a freezing wraith

Illustrated notes

Levels and vault maps discovered:
D:1:      lemuel_arrival_broad_hall, layout_basic, minmay_pentomino_o2
D:2:      kennysheep_six_static_rooms, layout_basic, small_statue_intersection
D:3:      layout_basic, cheibrodos_sewer_entry_drain,
          grunt_dithmenos_smoke_and_mirrors
D:4:      layout_loops_corners, grunt_temple_overflow_order_and_chaos_1,
          dancing_weapons_uskayaw, first_ration, uniq_eustachio, uniq_ijyb
D:5:      layout_loops_ring, lemuel_crystal_altar,
          gammafunk_ghost_nasty_kobolds, basic_altar, serial_bayou,
          serial_bayou_pond_c, serial_bayou_pond_c, serial_bayou_pond_b,
          serial_bayou_pond_c, serial_bayou_pond_e, kennysheep_nondescript
D:6:      layout_cave_pools, vehumet_crystals, marbit_many_paths,
          kennysheep_generic_room_14
D:7:      layout_rooms, tso_oasis_becter, led_sif_pool,
          minmay_temple_entry_waves, serial_shops, shop
D:8:      layout_loops_ring, makhleb_grotto_becter, kennysheep_mini,
          yredelemnul_altar_generic, serial_shops,
          nicolae_shop_temple_entry_statues_fountains,
          hellmonk_ghost_happy_afterlife
D:9:      layout_grid_maze, old_standard_altar, serial_shops,
          nicolae_shop_crystal, uniq_maggie
D:10:     layout_stronghold
D:11:     layout_cross, david_lair_shrubbed, orc_david_3, basic_altar

Skill      XL: |  1  2  3  4  5  6  7  8  9 10 11 |
---------------+----------------------------------+-----
Axes           | 3 4 5 6 7 9 10 11 | 11.9
Fighting       | 4 5 6 8 9 10 | 10.2
Armour         | 4 5 6 7 8 9 |  9.4
Shields        | 4 5 6 7 8 9 |  9.4
Invocations    | 2 5 7 8 |  8.7

Action                   |  1- 3 |  4- 6 |  7- 9 | 10-12 || total
-------------------------+-------+-------+-------+-------++-------
Melee: War axe           |     4 |       |       |       ||     4
       Hand axe          |       |       |   149 |   287 ||   436
 Fire: Hunting sling     |   115 |   193 |   198 |   101 ||   607
Throw: Stone             |       |       |     7 |     6 ||    13
       Boomerang         |       |       |       |     4 ||     4
Invok: Recite            |       |       |     1 |       ||     1
       Upheaval          |       |       |     2 |     8 ||    10
       Elemental Force   |       |       |       |     2 ||     2
  Use: Scroll            |     5 |       |     6 |     7 ||    18
       Potion            |       |     1 |     4 |     1 ||     6
  Eat: Chunk             |     3 |     4 |    13 |    13 ||    33
       Ration            |       |       |       |     1 ||     1
Armor: Scale mail        |    44 |    45 |    13 |       ||   102
       Ring mail         |       |       |    88 |    21 ||   109
       Plate armour      |       |       |       |     4 ||     4
       Swamp dragon scal |       |       |       |    41 ||    41
Dodge: Dodged            |    33 |    32 |    65 |    73 ||   203
Block: Kite shield       |    55 |    47 |   122 |   201 ||   425

Table legend:
 A = Non-vault XP
 B = Vault XP
 C = Vault XP percentage of total XP
 D = Non-vault monster count
 E = Vault monster count
 F = Vault count percentage of total count
                 A         B        C        D         E       F
            +---------+---------+-------+---------+---------+-------
      Total |   13070 |    1143 |   8.0 |     242 |      24 |   9.0
            +---------+---------+-------+---------+---------+-------
        D:1 |      25 |       3 |  10.7 |      11 |       2 |  15.4
        D:2 |      21 |      15 |  41.7 |      10 |       6 |  37.5
        D:3 |     146 |       9 |   5.8 |      18 |       3 |  14.3
        D:4 |     324 |     238 |  42.3 |      21 |       2 |   8.7
        D:5 |     745 |     227 |  23.4 |      16 |       5 |  23.8
        D:6 |    2394 |      32 |   1.3 |      46 |       1 |   2.1
        D:7 |    1555 |       0 |   0.0 |      29 |       0 |   0.0
        D:8 |    2212 |      46 |   2.0 |      31 |       1 |   3.1
        D:9 |    2043 |     434 |  17.5 |      21 |       1 |   4.5
       D:10 |    2363 |       0 |   0.0 |      24 |       0 |   0.0
       D:11 |    1242 |     139 |  10.1 |      15 |       3 |  16.7
            +---------+---------+-------+---------+---------+-------
